Map: Lerilak Crest

Players

Tidgey - Winner!

  • Race: Zerg Zerg
  • League: Diamond

LilDicky

  • Race: Terran Terran
  • League: Diamond

VOD

http://www.twitch.tv/tumescentpie

Description

Time

  • Played on: Dec. 1, 2015, 9:50 a.m.
  • Length: 17:45
Show
View Real Time Build Order
Export as new Build Order

Tidgey Zerg - Winner!

Build Orders: Pool First, Lurkers, Swarm Host 

Get SALT Encoding   

  12  0:02  Drone  
  13  0:09  Drone  
  14  0:20  Overlord  
  14  0:40  Drone x3  
  17  0:52  Spawning Pool  
  17  0:53  Drone  
  17  1:02  Extractor  
  16  1:05  Drone  
  17  1:20  Hatchery  
  17  1:21  Drone  
  17  1:29  Drone  
  18  1:34  Drone  
  18  1:37  Extractor  
  18  1:44  Queen  
  20  1:49  Drone  
  21  1:55  Overlord  
  21  2:08  Metabolic Boost  
  21  2:10  Zergling x2  
  22  2:20  Drone  
  23  2:31  Zergling x2  
  23  2:36  Queen  
  26  2:37  Drone  
  27  2:47  Zergling x4  
  29  2:54  Zergling x6  
  29  2:55  Drone x2  
  34  3:05  Drone  
  34  3:06  Zergling x2  
  35  3:15  Roach Warren  
  35  3:18  Zergling x2  
  35  3:19  Zergling x2  
  36  3:36  Overlord  
  36  3:46  Overlord  
  36  3:50  Lair  
  36  4:01  Drone x2  
  36  4:02  Drone x4  
  38  4:23  Drone x8, Extractor  
  45  4:24  Extractor  
  45  4:30  Drone x2  
  46  4:50  Hydralisk Den  
  46  4:52  Drone x3  
  48  5:00  Queen  
  48  5:06  Hatchery  
  49  5:19  Lurker Den  
  49  5:27  Drone x2  
  49  5:28  Drone, Overlord  
  52  5:29  Overlord  
  52  5:43  Nydus Network  
  52  5:47  Hydralisk x2  
  52  5:48  Hydralisk x3  
  52  5:49  Overlord  
  61  5:59  Overlord  
  61  6:00  Roach x3  
  67  6:17  Overseer  
  67  6:20  Pneumatized Carapace  
  67  6:29  Queen  
  69  6:36  Overlord  
  69  6:37  Drone x4  
  73  6:45  Overlord  
  75  6:47  Lurker x5  
  78  6:54  Overlord  
  78  7:06  Hydralisk x4  
  86  7:22  Nydus Canal  
  86  7:31  Hydralisk x3  
  86  7:33  Zergling x6  
  86  7:36  Overlord  
  79  8:09  Nydus Canal  
  78  8:15  Hydralisk x8  
  78  8:16  Overlord x2  
  78  8:19  Queen  
  94  8:20  Overlord x2  
  90  8:44  Spire  
  90  8:46  Drone  
  90  8:47  Drone x7  
  97  8:53  Muscular Augments  
  97  9:01  Extractor  
  93  9:02  Extractor  
  93  9:04  Zergling x2  
  93  9:05  Zergling x18  
  102  9:22  Hydralisk x7  
  116  9:33  Evolution Chamber  
  116  9:34  Evolution Chamber, Drone  
  116  9:35  Drone x5  
  116  9:37  Overlord  
  120  9:49  Glial Reconstitution  
  120  9:54  Ravager x3  
  120  9:56  Roach x4  
  131  10:09  Overlord  
  131  10:11  Overlord  
  131  10:15  Zerg Missile Weapons Level 1  
  131  10:18  Hatchery  
  131  10:21  Infestation Pit  
  129  10:23  Zerg Ground Armor Level 1  
  122  10:43  Lurker x4  
  125  10:56  Ravager x4  
  119  11:05  Queen  
  119  11:10  Nydus Canal  
  96  11:41  Zergling x2  
  96  11:42  Zergling x8  
  101  11:59  Hydralisk x6  
  101  12:00  Hydralisk x10  
  127  12:13  Hive  
  127  12:14  Zerg Missile Weapons Level 2  
  127  12:25  Drone  
  127  12:26  Overlord x5  
  127  12:27  Overlord  
  128  12:31  Zerg Ground Armor Level 2  
  128  12:39  Overlord  
  128  12:43  Queen  
  130  12:46  Drone x5  
  130  12:47  Drone x8  
  143  12:56  Overseer  
  143  12:58  Spore Crawler  
  142  13:20  Spore Crawler  
  141  13:41  Nydus Canal  
  141  13:46  Extractor  
  141  13:47  Extractor  
  139  13:53  Greater Spire  
  139  13:58  Swarm Host x4  
  139  13:59  Swarm Host x6  
  139  14:00  Overlord  
  139  14:01  Overlord  
  169  14:11  Lurker x2  
  169  14:12  Lurker x2  
  173  14:17  Drone  
  173  14:18  Drone x2  
  173  14:20  Overlord  
  173  14:21  Overlord  
  176  14:41  Spine Crawler  
  176  14:44  Spine Crawler  
  174  14:46  Corruptor x3  
  174  14:47  Corruptor x2  
  182  15:30  Nydus Canal  
  175  15:42  Spawning Pool  
  175  15:44  Roach Warren  
  175  15:45  Lair  
  170  15:52  Brood Lord x3  
  174  16:17  Overlord x4  
  158  16:34  Hatchery  
  158  16:39  Hatchery  
  151  16:49  Hatchery  
  122  17:07  Overlord  
  122  17:08  Overlord x6  
Show
View Real Time Build Order
Export as new Build Order

LilDicky Terran 

Build Orders: Reaper Expand 

Get SALT Encoding   

  12  0:01  SCV  
  13  0:13  SCV  
  14  0:17  Supply Depot  
  14  0:27  Refinery  
  14  0:29  SCV  
  15  0:41  SCV  
  16  0:48  Barracks  
  16  0:58  SCV  
  17  1:11  SCV  
  18  1:23  SCV  
  19  1:42  Orbital Command  
  19  1:44  Reaper  
  20  1:58  Command Center  
  20  2:11  Factory  
  20  2:16  Refinery  
  20  2:21  SCV  
  22  2:31  Barracks Tech Lab  
  21  2:40  Supply Depot  
  21  2:42  SCV  
  21  3:06  SCV  
  22  3:18  Siege Tank  
  24  3:41  Marine  
  24  3:47  Command Center  
  25  3:50  Starport  
  25  3:57  Siege Tank  
  28  4:07  Barracks Reactor  
  28  4:08  Orbital Command  
  28  4:11  SCV  
  28  4:12  Liberator  
  29  4:23  SCV  
  33  4:40  Siege Tank  
  33  4:41  SCV  
  33  4:42  SCV  
  38  4:53  Marine x2, Orbital Command  
  38  4:54  SCV  
  41  5:10  Bunker  
  42  5:28  SCV x2  
  43  5:38  Orbital Command  
  43  5:45  Marine x2  
  45  5:51  SCV x2, Barracks  
  45  5:52  Supply Depot, Engineering Bay, Barracks  
  45  5:53  Engineering Bay  
  47  6:03  SCV x2  
  51  6:15  SCV  
  50  6:19  Terran Infantry Weapons Level 1, Terran Infantry Armor Level 1  
  50  6:20  Barracks Reactor  
  50  6:22  SCV x2  
  50  6:23  Liberator x2  
  52  6:26  Barracks  
  52  6:27  SCV, Barracks  
  52  6:30  Refinery x2  
  53  6:34  SCV x2  
  53  6:39  SCV  
  56  6:44  Barracks Tech Lab x2  
  62  6:50  SCV x2  
  63  7:02  Marine  
  63  7:04  Orbital Command  
  63  7:06  Marine x2  
  66  7:09  Stimpack  
  66  7:10  Combat Shields  
  66  7:11  Marine  
  66  7:12  SCV x2  
  69  7:30  Supply Depot  
  69  7:32  Supply Depot x2  
  69  7:44  Marine  
  69  7:47  Marine  
  69  7:48  Marine x2  
  69  7:49  Marine  
  69  7:50  Marine  
  62  8:10  Marine  
  62  8:22  SCV  
  62  8:26  Starport Tech Lab  
  63  8:39  Marine x2  
  63  8:40  Refinery, Marine x4  
  63  8:41  Refinery  
  69  8:50  Engineering Bay  
  69  8:52  Engineering Bay  
  69  8:57  Marine x2  
  69  8:58  Marauder, Marine x3  
  76  9:08  SCV x2, Raven  
  80  9:13  Siege Tank  
  80  9:14  SCV  
  80  9:15  Marine x2  
  80  9:16  Marauder, Marine x2  
  90  9:20  SCV, Marauder  
  93  9:26  Armory  
  93  9:39  Marine x3  
  93  9:40  SCV, Marauder  
  93  9:42  SCV x2  
  101  9:46  Barracks Reactor  
  101  9:53  Supply Depot  
  101  9:59  Supply Depot  
  101  10:02  Supply Depot  
  101  10:12  Supply Depot  
  101  10:14  Marine x5  
  93  11:23  Marine  
  93  11:24  Marauder x2  
  91  11:38  Marine  
  63  11:45  Marauder  
  62  11:54  Marine x5  
  62  11:56  Marine  
  62  12:01  SCV, Terran Infantry Weapons Level 2, Terran Infantry Armor Level 2  
  61  12:05  Banshee  
  61  12:06  Siege Tank, Marine  
  68  12:10  Starport  
  68  12:11  Starport  
  68  12:12  Marine x5  
  68  12:14  Marine  
  74  12:25  Marauder  
  74  12:29  Marine  
  76  12:30  Marine x3  
  76  12:31  Marine, Missile Turret, Marauder  
  83  12:43  Starport  
  83  12:46  Marauder  
  83  12:47  Marine  
  83  12:50  Starport Reactor  
  86  12:52  Viking, Marauder  
  90  13:05  Viking  
  92  13:06  SCV x2  
  92  13:07  Marauder  
  92  13:10  SCV  
  92  13:12  Command Center  
  97  13:13  Marauder  
  97  13:18  SCV x2  
  99  13:22  SCV  
  95  13:29  Marauder  
  94  13:37  Marine x2  
  94  13:38  Marauder, Marine x3  
  99  13:42  Banshee  
  99  13:43  Medivac x3  
  99  13:44  Medivac x2  
  112  13:50  Marine  
  112  13:51  SCV  
  112  13:55  Marine x2  
  115  14:00  Marauder  
  115  14:01  Supply Depot  
  118  14:03  Marine  
  118  14:04  Marine  
  118  14:08  Marauder  
  122  14:17  Medivac x4  
  122  14:18  Starport Tech Lab  
  130  14:27  Siege Tank  
  133  14:33  Cloaking Field  
  133  14:35  Banshee  
  136  14:39  Marine  
  136  14:40  Marine  
  138  14:47  Medivac  
  138  14:51  Planetary Fortress  
  140  14:54  Missile Turret  
  140  14:55  Missile Turret  
  140  15:00  Missile Turret  
  140  15:02  Missile Turret, Marine  
  141  15:20  Marine x4  
  149  15:21  Marauder x2  
  149  15:22  Marine  
Tags
 
Add a new tag
Caveats
  • Supply blocks, unpowered buildings, or Contaminate may cause inaccurate times.
  • Supply counts are checked every 10 seconds.